 Dungeon Crawl Stone Soup version 0.17-a0-1479-g4041c36 (webtiles) character file.

58 amnekian the Changer (level 4, -1/28 HPs)
             Began as an Octopode Transmuter on July 3, 2015.
             Slain by an orc wizard
             ... wielding a +2 dagger of flaming
              (3 damage)
             ... on level 3 of the Dungeon.
             The game lasted 00:05:07 (2293 turns).

amnekian the Changer (Octopode Transmuter)          Turns: 2293, Time: 00:05:07

Health: -1/28      AC:  1    Str:  9    XL:     4   Next: 2%
Magic:  6/7        EV: 12    Int: 15    God:
Gold:   97         SH:  0    Dex: 13    Spells: 2 memorised, 4 levels left

rFire  . . .     SeeInvis .       - Unarmed
rCold  + . .     Clarity  .     (no shield)
rNeg   . . .     SustAt   .     (helmet restricted)
rPois  .         Gourm    .     (no amulet)
rElec  .         Spirit   .     o - ring of protection from cold
rCorr  .         Warding  .     (no ring)
rMut   .         Stasis   .     (no ring)
MR     .....                    (no ring)
Stlth  ++........               (no ring)
                                (no ring)
                                (no ring)
                                (no ring)

@: appendage, not resistant to hostile enchantments, unstealthy
A: almost no armour, amphibious, 8 rings, constrict 8, tentacle spike 3,
camouflage 1, gelatinous body 1
a: End Transformation


You were on level 3 of the Dungeon.
You were not hungry.
One of your tentacles had a temporary spike.
You visited 1 branch of the dungeon, and saw 4 of its levels.

You collected 97 gold pieces.

Inventory:

Hand weapons
 b - a +0 hunting sling
Missiles
 a - 12 arrows
 e - 2 tomahawks (quivered)
 h - 65 stones
 q - 4 sling bullets
Armour
 k - a +0 shield
Jewellery
 o - a ring of protection from cold (left tentacle)
Scrolls
 d - a scroll of amnesia {unknown}
 f - 2 scrolls of identify {unknown}
 g - a scroll of noise {unknown}
 j - a scroll of random uselessness {unknown}
 m - a scroll of enchant armour {unknown}
 n - a scroll of fog {unknown}
Potions
 i - a potion of agility {unknown}
Books
 p - a book of Changes

   Spells                             Type                      Level
   a - Beastly Appendage              Transmutation                1
   b - Sticks to Snakes               Transmutation                2
   c - Spider Form                    Transmutation/Poison         3
   d - Ice Form                       Ice/Transmutation            4
   e - Blade Hands                    Transmutation                5
Comestibles
 c - a bread ration
 l - 2 meat rations


   Skills:
 - Level 1.0 Fighting
 - Level 2.0 Dodging
 - Level 3.0 Unarmed Combat
 - Level 2.0 Spellcasting
 * Level 4.1 Transmutations


You had 4 spell levels left.
You knew the following spells:

 Your Spells              Type           Power        Failure   Level  Hunger
a - Beastly Appendage     Trmt           ##....       4%          1    #......
b - Sticks to Snakes      Trmt           ##........   8%          2    ###....


Dungeon Overview and Level Annotations

Branches:
Dungeon (4/15)
 Temple: D:4-7

Altars:

Annotations:
D:2 Sigmund


Innate Abilities, Weirdness & Mutations

You cannot wear most types of armour.
You are amphibious.
You can wear up to eight rings at the same time.
You can use your tentacles to constrict eight enemies at once.
Your skin changes colour to match your surroundings (Stealth).
Your rubbery body absorbs attacks (AC +1).
One of your tentacles bears a large vicious spike.


Message History

Aim: an orc wizard, wielding a dagger of flaming and wearing a robe (almost dead, fast)
You shoot a sling bullet.
The sling bullet barely misses the orc wizard.
You are now empty-tentacled.
The orc wizard hits you with a dagger of flaming.
* * * LOW HITPOINT WARNING * * *
The orc wizard burns you.
* * * LOW HITPOINT WARNING * * *
Casting: Beastly Appendage
Confirm with . or Enter, or press ? or * to list all spells.
One of your tentacles grows a vicious spike.
The orc wizard casts a spell at you. The puff of frost hits you! You resist.
* * * LOW HITPOINT WARNING * * *
You closely miss the orc wizard. You grab the orc wizard.
You squeeze the orc wizard, but do no damage.
The orc wizard is almost dead.
You constrict the orc wizard, but do no damage.
The orc wizard hits you with a dagger of flaming.
You die... ≈.PP≈.((..
PPP.....)...

≈..#......†
....#...(.#. ..#
.....#...#. ...
####.....=.#.##...
.. ........o.#.#...#
....#......@.....#.#
........#........#.#
. #.#..##...##.# #
#....# #.<...# ..
#.# #....# ####..#
.. #...#.#..## #..#
.# #.........###
#..##.#
..%........[#
#..#..#
.#.##.#.....###..#.#


You could see an orc wizard.

Vanquished Creatures
  An orc wizard (D:3)
  2 giant geckos (D:1)
  4 orcs
  2 bats
  A giant cockroach (D:2)
  2 hobgoblins
  A ball python (D:2)
  A giant newt (D:2)
  5 goblins
  3 kobolds
  4 rats
26 creatures vanquished.

Notes
Turn   | Place    | Note
--------------------------------------------------------------
     0 | D:1      | amnekian the Octopode Transmuter began the quest for the Orb.
     0 | D:1      | Reached XP level 1. HP: 13/13 MP: 3/3
   501 | D:1      | Reached XP level 2. HP: 9/18 MP: 1/5
   931 | D:2      | Learned a level 2 spell: Sticks to Snakes
  1390 | D:2      | You fall through a shaft for 2 floors!
  1390 | D:4      | Noticed an ogre
  1880 | D:2      | Noticed Sigmund
  2240 | D:3      | Reached skill level 4 in Transmutations
  2240 | D:3      | Reached XP level 3. HP: 23/23 MP: 6/6
  2279 | D:3      | Reached XP level 4. HP: 28/28 MP: 7/7
  2292 | D:3      | HP: 1/28 [orc wizard/puff of frost (5)]
  2293 | D:3      | Slain by an orc wizard

Vault maps used:
D:1:      eino_arrival_water_cross, hangedman_decor_clover_reticule
D:2:      uniq_sigmund
D:3:      lemuel_castle_with_subvaults, nicolae_overflow_hidden_temple,
          serial_bayou_lagoon_a
D:4:      wad_lake_hut, first_bread, moated_statue, grunt_gozag_statues,
          uniq_edmund

Action                   |  1- 3 |  4- 6 || total
-------------------------+-------+-------++-------
Melee: Unarmed           |    51 |     1 ||    52
 Fire: Hunting sling     |     8 |    10 ||    18
 Cast: Beastly Appendage |     3 |     1 ||     4
 Stab: Sleeping          |     2 |       ||     2
  Eat: Chunk             |     4 |       ||     4
